 Dungeon Crawl Stone Soup version 0.21-a0-344-g2144152 (webtiles) character file.

60 tidbits the Scratcher (level 3, -1/14 HPs)
             Began as a Felid Venom Mage on Oct 4, 2017.
             Was an Initiate of Cheibriados.
             Slain by an elf zombie (7 damage)
             ... in an ossuary.
             The game lasted 00:11:39 (1392 turns).

tidbits the Scratcher (Felid Venom Mage)            Turns: 1392, Time: 00:11:40

Health: -1/14      AC:  1    Str:  5    XL:     3   Next: 82%
Magic:  16/16      EV: 18    Int: 18    God:    Cheibriados [......]
Gold:   209        SH:  0    Dex: 17    Spells: 3/6 levels left
                                        Lives:  0   Deaths: 1

rFire    . . .     SeeInvis +     - Unarmed
rCold    . . .     Gourm    .   (shield unavailable)
rNeg     . . .     Faith    .   (armour unavailable)
rPois    .         Spirit   .   (helmet unavailable)
rElec    .         Reflect  .   (cloak unavailable)
rCorr    .         Harm     .   (gloves unavailable)
MR       .....                  (boots unavailable)
Stlth    +++.......             (no amulet)
HPRegen  0.04/turn              h - ring of magical power
MPRegen  0.15/turn              p - ring of wizardry

@: slow
A: no armour, no weapons or thrown items, stealth, claws 1, fangs 3, see
invisible, carnivore 3, speed 1, shaggy fur 1, slow metabolism 1, sharp paws
a: Bend Time, Renounce Religion


You were in an ossuary.
You worshipped Cheibriados.
Cheibriados was noncommittal.
You were not hungry.

You visited 1 branch of the dungeon, and saw 4 of its levels.
You also visited: Ossuary.

You collected 209 gold pieces.

Inventory:

Missiles
 c - 64 arrows
Jewellery
 h - a ring of magical power (left paw)
   (You found it on level 1 of the Dungeon)
 p - a ring of wizardry (right paw)
   (You found it on level 2 of the Dungeon)
Scrolls
 e - 2 scrolls of remove curse
 j - a scroll of amnesia {unknown}
 n - a scroll of immolation {unknown}
 o - a scroll of identify {unknown}
 r - a scroll of random uselessness {unknown}
Books
 a - a Young Poisoner's Handbook

   Spells                             Type                      Level
   a - Sting                          Conjuration/Poison           1
   b - Poisonous Vapours              Poison/Air                   2
   c - Mephitic Cloud                 Conjuration/Poison/Air       3
   d - Olgreb's Toxic Radiance        Poison                       4
   e - Venom Bolt                     Conjuration/Poison           5
Comestibles
 b - a meat ration
 d - 4 chunks of flesh
 k - a royal jelly


   Skills:
 - Level 2.9 Dodging
 - Level 2.9 Stealth
 + Level 4.1 Unarmed Combat
 - Level 2.1 Spellcasting
 - Level 1.1 Conjurations
 - Level 2.8 Poison Magic


You had 3 spell levels left.
You knew the following spells:

 Your Spells              Type           Power        Failure   Level  Hunger
a - Sting                 Conj/Pois      #...         3%          1    #......
p - Poisonous Vapours     Pois/Air       #.....       6%          2    ###....


Dungeon Overview and Level Annotations

Branches:
Dungeon (4/15)
 Temple: D:4-7

Altars:
Cheibriados
Fedhas

Annotations:
D:3 Syneil's ghost, amateur MiBe Ossuary p0werm0de's ghost, amateur FoCK


Innate Abilities, Weirdness & Mutations

You cannot wear armour.
You are incapable of wielding weapons or throwing items.
Your paws allow you to move quietly. (Stealth)
You have sharp claws.
You have razor-sharp teeth.
You have supernaturally acute eyesight. (SInv)
You are carnivorous and can eat meat at any time.
You cover ground quickly.
You are covered in fur. (AC +1)
You have a slow metabolism.
Your sharp claws are effective at attacking unaware monsters.


Message History

The mummy is heavily damaged.
You closely miss the mummy.
The mummy is heavily damaged.
The mummy misses you.
You claw the mummy!
The mummy is almost destroyed.
You scratch the mummy but do no damage.
The mummy is almost destroyed.
The mummy barely misses you.
You scratch the mummy but do no damage. You bite the mummy.
The mummy is almost destroyed.
You scratch the mummy but do no damage.
The mummy is almost destroyed.
It was a potion of might.
You feel very mighty all of a sudden. P0werm0de's ghost closely misses you.
You barely miss p0werm0de's ghost. You bite p0werm0de's ghost.
P0werm0de's ghost is lightly damaged.
P0werm0de's ghost hits you!
Ouch! That really hurt!
You die...
P0werm0de's ghost freezes you.
You are now level 3!
You rejoin the land of the living...
Found a gate leading back out of this place.
It was a potion of heal wounds.
You feel much better.
A mummy comes into view.
You scratch the goblin zombie. You bite the goblin zombie.
You destroy the goblin zombie!
It was a potion of agility.
You feel agile all of a sudden.
A mummy comes into view.
You closely miss the big kobold zombie.
You scratch the big kobold zombie but do no damage.
The big kobold zombie misses you.
You scratch the big kobold zombie.
The big kobold zombie is lightly damaged.
The big kobold zombie closely misses you.
You scratch the big kobold zombie but do no damage.
The big kobold zombie is lightly damaged.
The big kobold zombie misses you.
You scratch the big kobold zombie.
The big kobold zombie is moderately damaged.
The goblin zombie completely misses you.
You scratch the big kobold zombie.
The big kobold zombie is moderately damaged.
The big kobold zombie completely misses you.
You completely miss the big kobold zombie.
The big kobold zombie is moderately damaged.
The goblin zombie hits you but does no damage.
The big kobold zombie hits you.
You closely miss the big kobold zombie.
The big kobold zombie is moderately damaged.
The goblin zombie hits you but does no damage.
You scratch the big kobold zombie but do no damage.
The big kobold zombie is moderately damaged.
The big kobold zombie hits you.
* * * LOW HITPOINT WARNING * * *
The big kobold zombie hits you.
* * * LOW HITPOINT WARNING * * *
The goblin zombie misses you.
There is a gate leading back out of this place here.
The big kobold zombie completely misses you.
The hobgoblin zombie completely misses you.
Found 2 scrolls labeled WASIOST JIRIB and 2 scrolls of remove curse.
The gnoll zombie misses you.
Found 2 scrolls labeled ZOUPEF KYBO and 2 scrolls of teleportation.
Found a gate leading back out of this place.
You found a needle trap!
You open the door.
A poisoned needle hits the mummy!
There is an open door here.
You see here 2 scrolls labeled ZOUPEF KYBO.
You see here 2 scrolls of teleportation.
As you read the scroll of teleportation, it crumbles to dust.
You feel strangely unstable. The gnoll zombie completely misses you.
You see here 2 scrolls of remove curse.
e - 2 scrolls of remove curse Your surroundings seem slightly different.
A poisoned needle misses the hobgoblin zombie!
You barely miss the big kobold zombie.
The big kobold zombie is moderately damaged.
The big kobold zombie misses you.
You claw the big kobold zombie!
The big kobold zombie is heavily damaged.
The big kobold zombie misses you.
You scratch the big kobold zombie.
The big kobold zombie is heavily damaged.
You scratch the big kobold zombie.
The big kobold zombie is severely damaged.
The big kobold zombie completely misses you.
The goblin zombie completely misses you.
The elf zombie misses you.
You feel a little less agile now.
You closely miss the elf zombie.
P0werm0de's ghost screams, "You will never get the ORB!"
The elf zombie hits you!
Ouch! That really hurt!
You die...

########################
........ZZ∩W..........#Z
.........ZZ.Z..........#Z
........@#####.........##
.............M........^.
M...............M.......
.##...............##....
..##...............##....
.........................
.........................
.......................#.
#.....................##.


You could see 2 mummies, p0werm0de's ghost, a goblin zombie, a hobgoblin zombie,
a big kobold zombie, an orc zombie and an elf zombie.

Vanquished Creatures
  Jessica (D:3)
  4 adders
  2 oozes
  3 worms
  2 dart slugs (D:1)
  A leopard gecko (D:2)
  4 giant cockroaches
  3 goblins (D:1)
  6 hobgoblins
  4 kobolds
  A ball python (D:3)
  2 bats (D:1)
  2 frilled lizards (D:2)
  A goblin zombie (Ossuary)
  8 rats
  A fungus (D:3)
45 creatures vanquished.

Notes
Turn   | Place    | Note
-------+----------+-------------------------------------------
     0 | D:1      | tidbits the Felid Venom Mage began the quest for the Orb.
     0 | D:1      | Reached XP level 1. HP: 7/7 MP: 4/4
    24 | D:1      | Reached skill level 1 in Conjurations
   110 | D:1      | Reached XP level 2. HP: 8/11 MP: 1/6
   298 | D:1      | Reached skill level 1 in Unarmed Combat
   400 | D:1      | Learned a level 2 spell: Poisonous Vapours
   480 | D:1      | Found a snail-covered altar of Cheibriados.
   487 | D:1      | Reached skill level 2 in Unarmed Combat
   487 | D:1      | Reached XP level 3. HP: 10/14 MP: 4/7
   493 | D:1      | Became a worshipper of Cheibriados the Contemplative
   811 | D:3      | Reached skill level 3 in Unarmed Combat
   816 | D:3      | Reached XP level 4. HP: 10/18 MP: 4/8
   979 | D:3      | Noticed Syneil's ghost (amateur MiBe)
  1078 | D:3      | Noticed Jessica
  1080 | D:3      | Killed Jessica
  1261 | D:3      | Reached skill level 4 in Unarmed Combat
  1286 | D:3      | Found a blossoming altar of Fedhas.
  1299 | D:4      | Found a sand-covered staircase.
  1304 | Ossuary  | Entered an ossuary
  1313 | Ossuary  | Noticed p0werm0de's ghost (amateur FoCK)
  1333 | Ossuary  | Slain by p0werm0de's ghost
  1334 | Ossuary  | Reached XP level 3. HP: 0/14 MP: 16/16
  1392 | Ossuary  | Slain by an elf zombie

Vault maps used:
D:1:      lightli_arrival_lavapool, minivault_23, cheibriados_altar_1
D:2:      minmay_door_path
D:3:      fedhas_altar_2, first_bread, minmay_gold_behind_fungi, uniq_jessica
D:4:      temple_doors_cd, enter_ossuary_2
Ossuary:  ossuary_minmay_tomb_2a

Skill      XL: |  1  2  3  4 |
---------------+-------------+-----
Conjurations   | 1 |  1.1
Unarmed Combat | 2 3 4 |  4.1
Dodging        | |  2.9
Stealth        | |  2.9
Spellcasting   | |  2.1
Poison Magic   | |  2.8

Action                   |  1- 3 |  4- 6 || total
-------------------------+-------+-------++-------
Melee: Unarmed           |    46 |    35 ||    81
       Bite              |     5 |     5 ||    10
       Punch             |       |     1 ||     1
 Cast: Sting             |    38 |       ||    38
       Poisonous Vapours |    18 |    19 ||    37
  Use: Potion            |     2 |     4 ||     6
       Scroll            |     1 |     3 ||     4
 Stab: Sleeping          |     2 |       ||     2
       Invisible         |       |     1 ||     1
  Eat: Chunk             |     9 |     3 ||    12
Armor: Skin              |     2 |     1 ||     3
Dodge: Dodged            |    54 |     9 ||    63

Table legend:
 A = Spawn XP
 B = Non-spawn XP
 C = Spawn XP percentage of total XP
 D = Spawn monster count
 E = Non-spawn monster count
 F = Spawn count percentage of total count
 G = Total turns spent on level
                    A         B        C        D         E        F      G
               +---------+---------+-------+---------+---------+-------+---------
         Total |       0 |     178 |   0.0 |       0 |      44 |   0.0 |  1392
               +---------+---------+-------+---------+---------+-------+---------
           D:1 |       0 |      40 |   0.0 |       0 |      19 |   0.0 |   495
           D:2 |       0 |      65 |   0.0 |       0 |      18 |   0.0 |   390
           D:3 |       0 |      72 |   0.0 |       0 |       6 |   0.0 |   401
       Ossuary |       0 |       1 |   0.0 |       0 |       1 |   0.0 |    88
               +---------+---------+-------+---------+---------+-------+---------

Table legend:
 A = Turns spent in this place as a percentage of turns spent in the entire game.
 B = Non-inter-level travel turns spent in this place as a percentage of non-inter-level travel turns spent in the entire game.
 C = Inter-level travel turns spent in this place as a percentage of turns spent in this place.
 D = Turns resting spent in this place as a percentage of non-inter-level travel turns spent in this place.
 E = Turns spent auto-exploring this place as a percentage of non-inter-level travel turns spent in this place.
 F = Non-inter-level travel turns spent in this place divided by the number of levels of this place that you've seen.
                   A       B       C       D       E      F
               +-------+-------+-------+-------+-------+----------------------
         Total | 100.0 | 100.0 |   0.0 |   0.0 |   0.0 | 278.4
       Dungeon |  93.7 |  93.7 |   0.0 |   0.0 |   0.0 | 326.0
       Ossuary |   6.3 |   6.3 |   0.0 |   0.0 |   0.0 |  88.0
               +-------+-------+-------+-------+-------+----------------------

Table legend:
 A = Kills in this place as a percentage of kills in entire the game.
 B = Kills by you in this place as a percentage of kills by you in the entire game.
 C = Kills by friends in this place as a percentage of kills by friends in the entire game.
 D = Other kills in this place as a percentage of other kills in the entire game.
 E = Experience gained in this place as a percentage of experience gained in the entire game.
 F = Experience gained in this place divided by the number of levels of this place that you have seen.
                   A       B       C       D       E      F
               +-------+-------+-------+-------+-------+----------------------
         Total | 100.0 | 100.0 |   N/A |   N/A | 100.0 |  35.6
       Dungeon |  97.7 |  97.7 |   N/A |   N/A |  99.4 |  44.2
       Ossuary |   2.3 |   2.3 |   N/A |   N/A |   0.6 |   1.0
               +-------+-------+-------+-------+-------+----------------------

Vault maps used:
D:1:      lightli_arrival_lavapool, minivault_23, cheibriados_altar_1
D:2:      minmay_door_path
D:3:      fedhas_altar_2, first_bread, minmay_gold_behind_fungi, uniq_jessica
D:4:      temple_doors_cd, enter_ossuary_2
Ossuary:  ossuary_minmay_tomb_2a
